 Dungeon Crawl Stone Soup version 0.31-a0-237-g2d982f9f85 (webtiles) character file.

Game seed: 4072343847874696667

32 qw the Shooter (level 3, -3/29 HPs)
             Began as a Minotaur Hexslinger on July 10, 2023.
             Slain by a goblin
             ... wielding a +0 club
             ... led by Robin
              (4 damage)
             ... on level 2 of the Dungeon.
             The game lasted 00:00:25 (889 turns).

qw the Shooter (Minotaur Hexslinger)                 Turns: 889, Time: 00:00:25

Health: -3/29      AC:  3    Str: 12    XL:     3   Next: 10%
Magic:  3/3        EV: 12    Int: 10    God:
Gold:   37         SH:  0    Dex: 14    Spells: 3/4 levels left

rFire   . . .        Y - +1 sling
rCold   . . .        (no shield)
rNeg    . . .        e - +0 leather armour
rPois   .            (helmet restricted)
rElec   .            (no cloak)
rCorr   .            (no gloves)
SInv    .            (no boots)
Will    .....        h - amulet of faith
Stlth   +            (no ring)
HPRegen 0.24/turn    (no ring)
MPRegen 0.08/turn

%: faith
@: about to teleport
A: horns 2, retaliatory headbutt
a: no special abilities


You were on level 2 of the Dungeon.
You visited 1 branch of the dungeon, and saw 2 of its levels.

You collected 37 gold pieces.


Innate Abilities, Weirdness & Mutations

You have a pair of horns on your head.
You reflexively headbutt those who attack you in melee.


   Skills:
 - Level 2.0 Fighting
 + Level 3.7 Ranged Weapons
 - Level 2.1 Dodging
 - Level 1.0 Spellcasting
 - Level 2.0 Hexes


You had 3 spell levels left.
You knew the following spells:

 Your Spells              Type           Power      Damage    Failure   Level
a - Slow                  Hex            16%        N/A       19%         1

Your spell library contained the following spells:

 Spells                   Type           Power      Damage    Failure   Level
 Inner Flame              Hex/Fire       2%         N/A       65%         3
 Portal Projectile        Hex/Tloc       4%         N/A       65%         3
 Cause Fear               Hex            2%         N/A       88%         4

Inventory:

Hand Weapons
 Y - a +1 sling (weapon)
Armour
 e - a +0 leather armour (worn)
Jewellery
 h - an amulet of faith (around neck)
Scrolls
 a - a scroll of identify
Potions
 d - a potion of curing
 i - a potion of ambrosia {unknown}
 k - a potion of heal wounds {unknown}

Dungeon Overview and Level Annotations

Branches:
Dungeon (2/15)

Altars:

Annotations:
D:2 Robin


Message History

You hear a shout!
You shoot a sling bullet. The sling bullet hits the goblin.
You kill the goblin!
A goblin comes into view. It is wielding a +0 club.
You shoot a sling bullet.
The sling bullet closely misses the goblin.
The goblin shouts!
Robin of the Strong Arm comes into view.
They are wielding a +1 spectral club and wearing a +2 helmet of intelligence.
You shoot a sling bullet. The sling bullet misses the goblin.
A goblin comes into view. It is wielding a +0 club.
You shoot a sling bullet. The sling bullet hits the goblin.
You kill the goblin!
Robin throws the goblin at you! The goblin barely misses you.
You shoot a sling bullet. The sling bullet hits the goblin.
The goblin is moderately wounded.
Robin roars a battlecry!
The goblins go into a battle-frenzy!
A goblin comes into view. It is wielding a +0 dagger.
The goblin hits you with a +0 club.
You shoot a sling bullet.
The sling bullet closely misses the goblin.
The goblin shouts!
A goblin comes into view. It is wielding a +0 dagger.
The goblin closely misses you. Robin throws the goblin at you!
The goblin barely misses you. The goblin hits you with a +0 dagger.
The goblin barely misses you.
You shoot a sling bullet. The sling bullet misses the goblin.
The goblin hits you but does no damage. The goblin hits you with a +0 club.
The goblin hits you but does no damage.
You shoot a sling bullet.
The sling bullet closely misses the goblin.
Robin throws the goblin at you! The goblin hits you with a +0 dagger.
The goblin closely misses you. The goblin hits you with a +0 club. x2
889 ||| READING scroll of teleportation.
As you read the scroll of teleportation, it crumbles to dust.
You feel strangely unstable. The goblin hits you but does no damage.
The goblin hits you with a +0 dagger. The goblin barely misses you.
You furiously retaliate!
You headbutt the goblin. The goblin hits you with a +0 club.
You die...

...### #..... # #..
##...# .###... #
#######...# #....##.#
........#.### ##.......#
##.##)......###.........
##.##.#.>.....:...))...#
...##...##..###ggg.g...#
#####.#.#......g@...#
...##.#...#.####....#
......#.....## ###.##
...###.......# .# #..#
#....>..# . #..#
#.......# .. ...#
#.......# ## ...#
#.......# #..# #.......#


You could see Robin and 4 goblins.

Vanquished Creatures
  3 ball pythons (D:1)
  3 endoplasms (D:1)
  3 giant cockroaches
  10 goblins
  A hobgoblin (D:1)
  A quokka (D:1)
  2 bats (D:1)
  2 frilled lizards (D:1)
  A kobold (D:1)
  4 rats (D:1)
30 creatures vanquished.

Notes
Turn   | Place    | Note
-------+----------+-------------------------------------------
     0 | D:1      | qw the Minotaur Hexslinger began the quest for the Orb.
     0 | D:1      | Reached XP level 1. HP: 16/16 MP: 1/1
     0 | D:1      | 0 ||| qw: Version: 0.3-a-52-g30416fa
     0 | D:1      | 0 ||| qw: Game counter: 5153
     0 | D:1      | 0 ||| qw: Melee chars always use a shield: true
     0 | D:1      | 0 ||| qw: God list: Okawaru
     0 | D:1      | 0 ||| qw: Allow faded altars: false
     0 | D:1      | 0 ||| qw: Do Orc after clearing Dungeon:15 true
     0 | D:1      | 0 ||| qw: Do second Lair branch before Depths: true
     0 | D:1      | 0 ||| qw: Lair rune preference: random
     0 | D:1      | 0 ||| qw: Goals: Normal
     0 | D:1      | 0 ||| PLANNING D:1-11
   132 | D:1      | Found a faded altar of an unknown god.
   197 | D:1      | Reached skill level 3 in Ranged Weapons
   206 | D:1      | Reached XP level 2. HP: 23/23 MP: 2/2
   721 | D:1      | 721 ||| UPGRADING to +0 leather armour.
   731 | D:1      | 731 ||| DROPPING +0 robe.
   732 | D:1      | 732 ||| UPGRADING to amulet of faith.
   737 | D:1      | 737 ||| READING 2 scrolls labelled JEIHEGGYNOKH.
   738 | D:1      | 738 ||| READING scroll labelled EXAHIL LEPT.
   739 | D:1      | 739 ||| READING scroll labelled PYFISM OTOCEOJ.
   743 | D:1      | 743 ||| DRINKING 2 glowing purple potions.
   744 | D:1      | 744 ||| DROPPING scroll of poison.
   842 | D:2      | Reached XP level 3. HP: 28/29 MP: 3/3
   882 | D:2      | Noticed Robin
   888 | D:2      | HP: 4/29 [goblin/+0 club[Robin] (5)]
   889 | D:2      | 889 ||| READING scroll of teleportation.
   889 | D:2      | HP: 1/29 [goblin/+0 dagger[Robin] (3)]
   889 | D:2      | Slain by a goblin

Levels and vault maps discovered:
D:1:      lemuel_arrival_cross, layout_loops_ring,
          ebering_ecumenical_altar_hall, feat_on_display
D:2:      layout_loops_cross, serial_shops, nicolae_shop_pleasant_corner_grove,
          uniq_robin

Skill      XL: |  1  2 |
---------------+-------+-----
Ranged Weapons | 3 |  3.7
Fighting       | 2 |  2.0
Dodging        | |  2.1
Spellcasting   | |  1.0
Hexes          | |  2.0

Action                     || total
---------------------------++-------
   Fire: Sling             ||   101
    Use: Scroll            ||     4
         Potion            ||     1
 Armour: Robe              ||     4
         Leather armour    ||     8
  Dodge: Dodged            ||    27

Table legend:
 A = Non-vault XP
 B = Vault XP
 C = Vault XP percentage of total XP
 D = Non-vault monster count
 E = Vault monster count
 F = Vault count percentage of total count
                 A         B        C        D         E       F
            +---------+---------+-------+---------+---------+-------
      Total |      43 |       4 |   8.5 |      28 |       2 |   6.7
            +---------+---------+-------+---------+---------+-------
        D:1 |      39 |       0 |   0.0 |      26 |       0 |   0.0
        D:2 |       4 |       4 |  50.0 |       2 |       2 |  50.0
            +---------+---------+-------+---------+---------+-------
